 Dungeon Crawl Stone Soup version 0.27-a0-1548-gf8a67e7463 (webtiles) character file.

Game seed: 10471156422118692

113 fiver49 the Sneak (level 4, 0/42 HPs)
             Began as a Naga Wanderer on July 14, 2021.
             Slain by a gnoll (6 damage)
             ... on level 2 of the Dungeon.
             The game lasted 00:14:24 (3921 turns).

fiver49 the Sneak (Naga Wanderer)                   Turns: 3921, Time: 00:14:25

Health: 0/42       AC:  3    Str: 15    XL:     4   Next: 96%
Magic:  4/4        EV:  8    Int: 13    God:
Gold:   140        SH:  0    Dex: 10    Spells: 3/3 levels left

rFire    . . .     SeeInvis +   a - +0 hand axe
rCold    . . .     Faith    .   (no shield)
rNeg     . . .     Spirit   .   j - +0 ring mail
rPois    +         Reflect  .   (no helmet)
rElec    .         Harm     .   (no cloak)
rCorr    .         Rampage  .   (no gloves)
Will     .....                  (no barding)
Stlth    ++........             (no amulet)
HPRegen  0.14/turn              (no ring)
MPRegen  0.09/turn              (no ring)

@: mighty, attractive, very slow
A: AC +1, large, see invisible, deformed body, poison resistance, slowness 2,
spit poison 1, naga tail 1
a: Spit Poison


You were on level 2 of the Dungeon.
You visited 1 branch of the dungeon, and saw 3 of its levels.

You collected 179 gold pieces.
You spent 39 gold pieces at shops.

Inventory:

Hand Weapons
 a - a +0 hand axe (weapon)
 r - a +0 trident
Missiles
 b - 3 throwing nets
 g - 44 arrows
 s - 16 poisoned darts
Armour
 c - a +0 leather armour
 j - a +0 ring mail (worn)
 k - a +0 scale mail
Jewellery
 m - a ring of ice
Scrolls
 e - a scroll of amnesia {unknown}
 f - 6 scrolls of identify {unknown}
 i - a scroll of vulnerability {unknown}
 n - a scroll of enchant weapon {unknown}
 t - a scroll of fear {unknown}
Potions
 h - a potion of lignification {unknown}
 o - a potion of mutation {unknown}
 p - a potion of curing {unknown}
 q - a potion of attraction


   Skills:
 - Level 3.5 Fighting
 + Level 1.3(1.6) Axes
 - Level 1.3(1.6) Polearms
 - Level 1.7 Bows
 - Level 2.0 Dodging
 - Level 6.0 Stealth
 - Level 1.0 Shields


You had 3 spell levels left.
You didn't know any spells.
Your spell library contained the following spells:

 Spells                   Type           Power      Damage    Failure   Level
 Foxfire                  Conj/Fire      0%         2x1d4     52%         1
 Magic Dart               Conj           0%         1d3       52%         1
 Ignite Poison            Fire/Tmut/Pois 0%         N/A       88%         3
 Stone Arrow              Conj/Erth      0%         3d7       88%         3


Dungeon Overview and Level Annotations

Branches:
Dungeon (3/15)

Altars:
Kikubaaqudgha
Xom

Shops:
D:1 ?(   D:3 (


Innate Abilities, Weirdness & Mutations

Your serpentine skin is tough. (AC +1)
You have supernaturally acute eyesight. (SInv)
Armour fits poorly on your strangely shaped body.
Your system is resistant to poisons. (rPois)
You cover ground very slowly.
You can spit poison.
You have a snake-like lower body.


Message History

The splash of poison misses the gnoll.
The gnoll shouts!
You hear a shout!
You have got your breath back.
The gnoll hits you but does no damage. The gnoll closely misses you.
The gnoll hits you with a +0 club. x2
The gnoll hits you with a +0 club.
The gnoll hits you from afar with a +0 spear.
The gnoll closely misses you.
There is a stone staircase leading up here.
The gnoll hits you from afar with a +0 spear.
The gnoll hits you but does no damage.
You climb upwards.
There is a stone staircase leading down here.
You barely miss the gnoll. The gnoll hits you but does no damage.
Press: ? - help, Shift-Dir - straight line, f - gnoll
Aim: a gnoll, wielding a +0 club The splash of poison misses the gnoll.
The gnoll hits you with a +0 club.
You completely miss the gnoll. The gnoll barely misses you.
You hit the gnoll.
The gnoll is moderately wounded.
The gnoll hits you with a +0 club.
You barely miss the gnoll.
The gnoll is moderately wounded.
You have got your breath back.
The gnoll barely misses you. x2
You closely miss the gnoll.
The gnoll is moderately wounded.
The gnoll hits you with a +0 club.
Press: ? - help, Shift-Dir - straight line, f/p - gnoll
Aim: a gnoll, wielding a +0 club (moderately wounded)
The splash of poison misses the gnoll.
The gnoll hits you with a +0 club!
* * * LOW HITPOINT WARNING * * *
It was a potion of attraction.
You feel attractive to monsters. The gnoll barely misses you.
It was a potion of might.
You feel very mighty all of a sudden.
You have got your breath back.
The gnoll hits you with a +0 club.
You die...

#.....##..........#####.###....
#.....##..).......# #.#......
##########..#..#.## #.#######
######......# #.# #...###..#..#
#.# ## #...####.#.## #.# ##.
#...#......#######.#####..
#........รท...........##...
#...####.@..######....#...
#...# #g.....######...... #...#
#........#####.##.. #####
#..................
#.#....##....##....
#.#.########..#.... #.#.#
##...#.. #.#)# ##..##. #...#
#..###


You could see a gnoll.

Vanquished Creatures
  A gnoll (D:3)
  3 adders
  3 worms (D:2)
  2 dart slugs
  4 orcs (D:3)
  3 ball pythons
  3 endoplasms
  4 giant cockroaches
  5 goblins
  A hobgoblin (D:3)
  6 jackals
  5 kobolds
  4 quokkas
  6 bats
  4 frilled lizards
  5 rats
59 creatures vanquished.

Vanquished Creatures (others)
  A withered plant (D:3)
1 creature vanquished.

Grand Total: 60 creatures vanquished

Notes
Turn   | Place    | Note
-------+----------+-------------------------------------------
     0 | D:1      | fiver49 the Naga Wanderer began the quest for the Orb.
     0 | D:1      | fiver49 set off with the following items: a +0 club, 3
                  | throwing nets, a +0 leather armour, a +0 dagger; and the
                  | following spells available to memorise: Foxfire, Magic
                  | Dart, Ignite Poison, Stone Arrow
     0 | D:1      | Reached XP level 1. HP: 18/18 MP: 1/1
   172 | D:1      | Reached skill level 6 in Stealth
   459 | D:1      | Found Vijavil's Magic Scroll Shop.
   464 | D:1      | Reached XP level 2. HP: 24/25 MP: 2/2
   495 | D:1      | Found Raot Igi's Weapon Shop.
   987 | D:2      | Reached XP level 3. HP: 6/33 MP: 3/3
  1676 | D:2      | Found a shimmering altar of Xom.
  2123 | D:2      | Reached XP level 4. HP: 42/42 MP: 4/4
  2397 | D:2      | Found a faded altar of an unknown god.
  3299 | D:3      | Reached skill level 1 in Polearms
  3407 | D:3      | Found Yzxo's Weapon Emporium.
  3416 | D:3      | Bought a +0 hand axe for 39 gold pieces
  3682 | D:3      | Found an ancient bone altar of Kikubaaqudgha.
  3770 | D:3      | Reached skill level 1 in Axes
  3921 | D:2      | Slain by a gnoll

Illustrated notes

Levels and vault maps discovered:
D:1:      dpeg_arrival_radiant, layout_basic, serial_shops,
          nicolae_shop_waterfront, shop, serial_bayou_crossing
D:2:      layout_rooms, basic_altar,
          dreamdust_ecumenical_altar_angels_and_demons
D:3:      kennysheep_six_static_rooms, layout_basic, kiku_gazebo_garden_becter,
          serial_shops, shop, serial_curves, eino_curves_03, eino_curves_03,
          uniq_robin

Skill      XL: |  1  2  3  4 |
---------------+-------------+-----
Stealth        | 6 |  6.0
Dodging        | 2 |  2.0
Fighting       | 2 3 |  3.5
Polearms       | 1 |  1.3
Axes           | 1 |  1.3
Bows           | |  1.7
Shields        | |  1.0

Action                   |  1- 3 |  4- 6 || total
-------------------------+-------+-------++-------
Melee: Dagger            |   128 |    33 ||   161
       Trident           |       |    31 ||    31
       Hand axe          |       |    28 ||    28
 Abil: Spit Poison       |    22 |    28 ||    50
  Use: Potion            |       |     2 ||     2
 Stab: Sleeping          |     5 |     2 ||     7
Armor: Leather armour    |    39 |       ||    39
       Ring mail         |       |    37 ||    37
Dodge: Dodged            |    77 |    50 ||   127

Table legend: (Time is in decaauts)
 A = Elapsed time spent in this place.
 B = Non-inter-level travel time spent in this place.
 C = Inter-level travel time spent in this place.
 D = Time resting spent in this place.
 E = Time spent auto-exploring this place.
 F = Levels seen in this place.
 G = Mean time per level.
                   A        B        C        D        E       F      G
               +--------+--------+--------+--------+--------+-----+--------+
         Total |   4673 |   4432 |    241 |    225 |   3452 |   3 | 1557.7 |
       Dungeon |   4673 |   4432 |    241 |    225 |   3452 |   3 | 1557.7 |
               +--------+--------+--------+--------+--------+-----+--------+

Top non-repeatable levels by time:
     D:2: 1667 daAuts
     D:1: 1545 daAuts
     D:3: 1461 daAuts
